 Dungeon Crawl Stone Soup version 0.30-a0-528-g8c47a4955b (webtiles) character file.

Game seed: 6073609357055068389

6466 Shayle the Trooper (level 10, -2/82 HPs)
             Began as a Demonspawn Reaver on Dec 23, 2022.
             Was a Follower of Ashenzari.
             Slain by a vault guard
             ... wielding a +0 broad axe
              (16 damage)
             ... in a bailey.
             The game lasted 00:29:52 (10024 turns).

Shayle the Trooper (Demonspawn Reaver)             Turns: 10024, Time: 00:29:53

Health: -2/82      AC: 12    Str: 12    XL:     10   Next: 68%
Magic:  17/17      EV: 12    Int: 24    God:    Ashenzari [*.....]
Gold:   497        SH:  0    Dex: 19    Spells: 14/18 levels left

rFire   . . .      SeeInvis .    N - +8 longbow of Dividends {freeze, rN+ Int+4 Dex+2 Stlth-}
rCold   . . .      Faith    .    (shield currently unavailable)
rNeg    + . .      Spirit   .    L - +3 leather armour
rPois   .          Reflect  .    v - +2 helmet of the Ruined Visionary {Self, Range} (curse)
rElec   .          Harm     .    (no cloak)
rCorr   .          Rampage  .    n - +1 pair of gloves
Will    .....                    (no boots)
Stlth   ++                       (no amulet)
HPRegen 0.33/turn                s - ring "Tethered Together" {Dex+6, Alch, Melee} (curse)
MPRegen 0.30/turn                (no ring)

@: no status effects
A: foul stench 1, magic regeneration, demonic touch 2
a: Renounce Religion, Curse Item, Shatter the Chains


You were in a bailey.
You worshipped Ashenzari.
Ashenzari was aware of your devotion.
You visited 2 branches of the dungeon, and saw 10 of its levels.
You also visited: Sewer, Ossuary and Bailey.

You collected 497 gold pieces.

Inventory:

Hand Weapons
 a - a +1 trident of freezing
 j - a +1 whip of electrocution
 F - a +2 dagger of draining
 G - a +2 spear of venom
 N - the +8 longbow of Dividends (weapon) {freeze, rN+ Int+4 Dex+2 Stlth-}
   (You acquired it on level 8 of the Dungeon)

   Any ammunition fired from it freezes those it strikes, dealing additional
   cold damage.
   It can also slow down cold-blooded creatures.
   Int:       It affects your intelligence (+4).
   Dex:       It affects your dexterity (+2).
   rN:        It protects you from negative energy.
   Stlth:     It makes you less stealthy.
Missiles
 k - a throwing net
 l - 2 curare-tipped darts
Armour
 b - a +0 leather armour
 n - a +1 pair of gloves (worn)
 p - a +1 robe of fire resistance
 v - the cursed +2 helmet of the Ruined Visionary (worn) {Self, Range}
   (You found it on level 3 of the Dungeon)

   It has a curse which improves the following skills: Introspection: Fighting
   and Spellcasting.
   Ranged Combat: Ranged Weapons and Throwing.
 w - the +1 robe "Guwoamass" {Str+4}
   (You found it on level 3 of the Dungeon)

   Str:       It affects your strength (+4).
 H - a +0 kite shield
 L - a +3 leather armour (worn)
Jewellery
 s - the cursed ring "Tethered Together" (left hand) {Dex+6, Alch, Melee}
   (You found it on level 3 of the Dungeon)

   [ring of dexterity]

   Dex:       It affects your dexterity (+6).
   It has a curse which improves the following skills: Alchemy: Poison Magic and
   Transmutations.
   Melee Combat: Short Blades, Long Blades, Axes, Maces & Flails, Polearms,
   Staves and Unarmed Combat.
 B - a ring of protection from cold
 J - a +6 ring of dexterity
Wands
 x - a wand of polymorph (11)
 y - a wand of roots (2)
 A - a wand of light (8)
 D - a wand of flame (9)
Scrolls
 g - a scroll of blinking
 h - 2 scrolls of magic mapping
 r - 2 scrolls of teleportation
 t - 2 scrolls of poison
 u - a scroll of amnesia
 K - a scroll of brand weapon
 O - a scroll of fog
Potions
 c - 4 potions of degeneration
 d - 7 potions of curing
 e - 4 potions of lignification
 f - a potion of heal wounds
 i - a potion of haste
 m - 3 potions of flight
 o - a potion of cancellation
 q - 3 potions of resistance
 z - 2 potions of attraction
 C - 3 potions of brilliance
 E - a potion of magic
 I - a potion of invisibility
 M - a potion of mutation


   Skills:
 + Level 7.5(8.4) Fighting
 - Level 2.6(3.4) Polearms
 + Level 3.2(4.0) Ranged Weapons
 + Level 6.6 Armour
 - Level 1.7 Dodging
 - Level 6.2 Stealth
 + Level 3.9(4.7) Spellcasting
 - Level 5.7 Conjurations
 - Level 4.3 Ice Magic
 + Level 5.6 Air Magic


You had 14 spell levels left.
You knew the following spells:

 Your Spells              Type           Power      Damage    Failure   Level
a - Kiss of Death         Conj/Necr      76%        2d11      3%          1
b - Hailstorm             Conj/Ice       30%        3d8       4%          3

Your spell library contained the following spells:

 Spells                   Type           Power      Damage    Failure   Level
 Swiftness                Air            33%        N/A       3%          3
 Momentum Strike          Conj/Tloc      38%        3d9       5%          2
 Ensorcelled Hibernation  Hex/Ice        32%        N/A       7%          2
 Vhi's Electric Charge    Tloc/Air       38%        N/A       11%         3
 Passwall                 Tmut/Erth      4%         N/A       17%         2
 Arcjolt                  Conj/Air       16%        1d26      28%         5
 Confusing Touch          Hex            5%         N/A       32%         3
 Animate Dead             Necr           5%         N/A       73%         4
 Dispel Undead            Necr           5%         3d7       73%         4
 Petrify                  Tmut/Erth      5%         N/A       73%         4
 Metabolic Englaciation   Hex/Ice        8%         N/A       77%         5
 Borgnjor's Vile Clutch   Necr/Erth      2%         N/A       97%         5
 Death Channel            Necr           2%         N/A       100%        6
 Statue Form              Tmut/Erth      3%         N/A       100%        6
 Maxwell's Capacitive Co  Air            16%        ∞         100%        8


Dungeon Overview and Level Annotations

Branches:
Dungeon (9/15)             Temple (1/1) D:4           Sewer (visited)
Ossuary (visited)          Bailey (1/1)
   Lair: D:8-11         Orc: D:9-12

Altars:
Ashenzari
Cheibriados
Kikubaaqudgha
Qazlal
Ru
Sif Muna
Trog
Uskayaw
Vehumet
Xom
Yredelemnul

Annotations:
D:4 1 runed translucent door, Edmund; hikkokomori's ghost, amateur DEAE
D:7 1 runed translucent door, osoart's ghost, novice MiFi


Innate Abilities, Weirdness & Mutations

You may rarely emit foul miasma when damaged in melee.
You regenerate magic rapidly.
Your touch may inflict irresistible damage on your foes.


Message History

Aiming: Bolt of Light
Press: ? - help, Shift-Dir - straight line, f/p - vault guard
Aim: a vault guard, wielding a +0 broad axe and wearing a +0 plate armour (heavily wounded, 71% to hit)
The bolt of light hits the vault guard.
The vault guard is heavily wounded.
The vault guard is blinded.
The blink frog barely misses you. The blink frog hits you!
The blink frog blinks!
The vault guard hits you with a +0 broad axe.
That's the wrong kind of item! (Use * to select it.) Evoke which item? (* to show all) (? for menu, Esc to quit)
Aiming: Bolt of Light
Press: ? - help, Shift-Dir - straight line, f/p - vault guard
Aim: a vault guard, wielding a +0 broad axe and wearing a +0 plate armour (heavily wounded, blind, 71% to hit)
The bolt of light hits the vault guard!
The vault guard is severely wounded.
The blink frog blinks!
The vault guard closely misses you.
Aiming: Bolt of Light
Press: ? - help, Shift-Dir - straight line, f - blink frog, p - vault guard
Aim: a blink frog (50% to hit)
The bolt of light hits the vault guard!
The vault guard is severely wounded.
The bolt of light hits the blink frog!
The blink frog is moderately wounded.
The blink frog is blinded.
The vault guard hits you but does no damage.
You shoot an arrow. The arrow hits the vault guard!
The arrow freezes the vault guard.
The vault guard is almost dead.
The blink frog barely misses you.
The vault guard hits you with a +0 broad axe!
* * * LOW HITPOINT WARNING * * *
The blink frog barely misses you.
You shoot an arrow.
The arrow barely misses the vault guard.
The blink frog closely misses you.
The vault guard hits you with a +0 broad axe!
* * * LOW HITPOINT WARNING * * *
The blink frog misses you.
The vault guard hits you with a +0 broad axe!
You die...

##~# ... #≈##
##~~~##'##~~≈##
#~~~......~~~≈#
#........~~~~≈##
.≈≈≈~...~..~~~≈#
'###≈~.~.~~~~~≈#
##≈~..).~÷~≈#
#≈~Fp..~~~≈###
##≈~@).~~~≈#.##
#≈~.)~~~≈##..##
#≈~.~≈≈~≈#....##
##≈~.≈##≈##.....#
#≈~..≈####......#
#≈~..≈#..'......#
###'###..####'###
#.....#...##~~~##
#.....#...#~~~~~#


You could see a vault guard (blind) and a blink frog (blind).

Vanquished Creatures
  An unseen horror zombie (D:8)
  Grinder (D:4)
  Prince Ribbit (D:8)
  7 humans (Bailey)
  A water moccasin (D:6)
  An orc warrior (D:9)
  Pargi (Sewer)
  4 sky beasts
  2 ogres
  A black bear (D:7)
  A centaur (D:7)
  4 kobold brigands
  4 phantoms
  A wyvern zombie (D:8)
  3 scorpions
  16 bullfrogs
  2 gnoll sergeants (D:5)
  2 necrophages
  9 wights
  A howler monkey (D:7)
  3 centaur zombies (D:8)
  A crimson imp (D:8)
  3 jellies
  3 human zombies
  3 orc priests
  A gnoll bouda (D:5)
  6 hounds
  Jessica (D:2)
  3 orc wizards
  An iguana (D:7)
  7 mummies
  Robin (D:4)
  9 gnolls
  11 adders
  4 shadow imps
  A white imp (D:7)
  An ufetubus (D:5)
  3 adder zombies (Ossuary)
  3 dart slugs
  17 orcs
  3 endoplasms
  7 giant cockroaches
  24 goblins
  12 hobgoblins
  4 jackals
  5 quokkas
  9 ball pythons
  3 bats
  10 frilled lizards
  4 goblin zombies
  12 hobgoblin zombies
  2 jackal zombies (Ossuary)
  21 kobolds
  2 kobold skeletons (D:8)
  10 kobold zombies
  2 orc skeletons (D:8)
  10 orc zombies
  5 rats
  A rat zombie (Ossuary)
291 creatures vanquished.

Vanquished Creatures (others)
  A bullfrog (D:7)
1 creature vanquished.

Grand Total: 292 creatures vanquished

Notes
Turn   | Place    | Note
-------+----------+-------------------------------------------
     0 | D:1      | Shayle the Demonspawn Reaver began the quest for the Orb.
     0 | D:1      | Reached XP level 1. HP: 16/16 MP: 3/3
   416 | D:1      | Gained mutation: Your touch may inflict minor irresistible
                  | damage on your foes. [demonic ancestry]
   416 | D:1      | Reached XP level 2. HP: 22/22 MP: 5/5
   506 | D:1      | Reached skill level 1 in Stealth
   980 | D:2      | Reached skill level 1 in Armour
  1025 | D:2      | Reached XP level 3. HP: 11/28 MP: 6/6
  1162 | D:2      | Noticed Jessica
  1385 | D:2      | Killed Jessica
  1386 | D:2      | Reached skill level 3 in Fighting
  1386 | D:2      | Reached XP level 4. HP: 7/35 MP: 7/7
  2498 | D:3      | Identified the +1 robe "Guwoamass" {Str+4}
  2584 | D:3      | Reached XP level 5. HP: 41/41 MP: 8/8
  2835 | D:3      | Found a broken altar of Ashenzari.
  2844 | D:3      | Became a worshipper of Ashenzari the Shackled
  2892 | D:4      | Found a staircase to the Ecumenical Temple.
  2899 | Temple   | Entered the Ecumenical Temple
  2910 | D:4      | Noticed Edmund
  2931 | D:4      | Noticed Grinder
  2946 | D:4      | Paralysed by Grinder for 3 turns
  2950 | D:4      | Paralysed by Grinder for 4 turns
  2961 | D:4      | Paralysed by Grinder for 3 turns
  2970 | D:4      | Paralysed by Grinder for 5 turns
  2976 | D:4      | Killed Grinder
  2977 | D:4      | Reached skill level 4 in Fighting
  2977 | D:4      | Reached XP level 6. HP: 20/48 MP: 9/9
  3266 | D:4      | Found a runed translucent door.
  3287 | D:4      | Noticed hikkokomori's ghost (amateur DEAE)
  3314 | D:4      | Noticed Robin
  3403 | D:3      | Learned a level 3 spell: Hailstorm
  3525 | D:4      | Found a hide-covered altar of Uskayaw.
  3861 | D:5      | Entered Level 5 of the Dungeon
  4037 | D:5      | Reached XP level 7. HP: 23/55 MP: 10/10
  4052 | D:5      | Found a glowing drain.
  4077 | Sewer    | Entered a sewer
  4184 | Sewer    | Noticed Pargi
  4190 | Sewer    | Killed Pargi
  4191 | Sewer    | Reached skill level 1 in Ice Magic
  4191 | Sewer    | Reached skill level 1 in Air Magic
  5046 | D:5      | Reached skill level 5 in Fighting
  5046 | D:5      | Gained mutation: Your touch may inflict irresistible damage
                  | on your foes. [demonic ancestry]
  5046 | D:5      | Reached XP level 8. HP: 41/62 MP: 11/11
  5926 | D:6      | Reached skill level 5 in Stealth
  6060 | D:6      | Found a sand-covered staircase.
  6065 | Ossuary  | Entered an ossuary
  6941 | D:6      | Gained mutation: You regenerate magic rapidly. [demonic
                  | ancestry]
  6941 | D:6      | Reached XP level 9. HP: 66/69 MP: 12/12
  6970 | D:6      | Reached skill level 5 in Conjurations
  7260 | D:6      | Reached * piety under Ashenzari
  7298 | D:7      | Reached skill level 6 in Fighting
  7298 | D:7      | Reached skill level 5 in Armour
  7596 | D:8      | Noticed Prince Ribbit
  7617 | D:8      | Killed Prince Ribbit
  8108 | D:4      | Killed Robin
  8355 | D:7      | Found a stormy altar of Qazlal.
  8575 | D:7      | Found a runed translucent door.
  8575 | D:7      | Found a shimmering altar of Xom.
  8575 | D:7      | Noticed osoart's ghost (novice MiFi)
  8575 | D:7      | Noticed a +2 spear of chaos
  8758 | D:8      | Identified a scroll of acquirement
  8768 | D:8      | Acquired the +8 longbow of Dividends {freeze, rN+ Int+4
                  | Dex+2 Stlth-}
  8987 | D:8      | Reached skill level 1 in Ranged Weapons
  8987 | D:8      | Found a bloodstained altar of Trog.
  9057 | D:8      | Found an ancient bone altar of Kikubaaqudgha.
  9057 | D:8      | Found a radiant altar of Vehumet.
  9160 | D:8      | Gained mutation: You may rarely emit foul miasma when
                  | damaged in melee. [demonic ancestry]
  9160 | D:8      | Reached XP level 10. HP: 72/79 MP: 14/14
  9160 | D:8      | Found a basalt altar of Yredelemnul.
  9360 | D:9      | Reached skill level 7 in Fighting
  9367 | D:9      | Reached skill level 5 in Air Magic
  9467 | D:9      | Found a flagged portal.
  9480 | Bailey   | Entered a bailey
 10006 | Bailey   | Noticed a vault guard
 10024 | Bailey   | Slain by a vault guard

Illustrated notes

Levels and vault maps discovered:
D:1:      sevenhm_arrival_forest_fort_large_2, layout_basic,
          nicolae_concentric_dashed_squares_wild
D:2:      layout_loops_ring, serial_aquarium, aquarium_bridge_long_joined
          [aquarium_subvault_bridge, aquarium_subvault_window,
          aquarium_subvault_bridge, aquarium_subvault_bridge,
          aquarium_subvault_balcony, aquarium_subvault_window],
          aquarium_bridge_square [aquarium_subvault_balcony,
          aquarium_subvault_wall, aquarium_subvault_bridge,
          aquarium_subvault_bridge], aquarium_window_2, aquarium_window_corner,
          aquarium_view_2a, uniq_jessica
D:3:      layout_basic, mainiacjoe_overflow_alcove_4
D:4:      layout_basic, nicolae_uskayaw_dance_hall, temple_statues,
          ebering_ghost_sewer_d, chequers_jeans, kennysheep_generic_room_5,
          uniq_edmund, uniq_robin, uniq_grinder
D:5:      layout_cave_pools, portal_sewer_entry_f, serial_gnoll_camp,
          gnoll_camp_mini_sergeant, gnoll_camp_mini_hut,
          gnoll_camp_mini_loothouse, gnoll_camp_mini_basic,
          amcnicky_mini_corridor_feature
D:6:      layout_basic, enter_ossuary_5, chequers_serial_rivers_small_b,
          chequers_serial_rivers_micro_a
D:7:      layout_cave_pools, mainiacjoe_overflow_catwalk, ebering_ghost_xom,
          st_stairs_14
D:8:      layout_loops_cross, nicolae_tso_besieged_by_evil,
          grunt_temple_overflow_open, lemuel_mausoleum_altar_yredelemnul,
          hangedman_decor_slide_cut, uniq_prince_ribbit1
D:9:      layout_loops_ring, xom_redecorated, enter_bailey_4, serial_shops,
          nicolae_stop_n_shop_1
Temple:   hellmonk_temple_two_chambers
Bailey:   bailey_axe_froggy_fort_hellmonk, bailey

Skill      XL: |  1  2  3  4  5  6  7  8  9 10 |
---------------+-------------------------------+-----
Stealth        | 1 2 3 4 5 6 |  6.2
Armour         | 1 2 3 4 5 6 |  6.6
Fighting       | 3 4 5 6 7 |  7.5
Ice Magic      | 2 3 4 |  4.3
Air Magic      | 2 3 4 5 |  5.6
Conjurations   | 4 5 |  5.7
Ranged Weapons | 1 3 |  3.2
Spellcasting   | 3 |  3.9
Polearms       | |  2.6
Dodging        | |  1.7

Action                   |  1- 3 |  4- 6 |  7- 9 | 10-12 || total
-------------------------+-------+-------+-------+-------++-------
Melee: Spear             |    43 |       |    98 |       ||   141
       Whip              |    45 |   176 |    56 |       ||   277
       Touch             |     6 |    28 |   108 |       ||   142
       Punch             |     1 |     2 |     8 |       ||    11
       Trident           |       |       |   275 |       ||   275
 Fire: Longbow           |       |       |    19 |   130 ||   149
Invok: Curse Item        |       |       |     2 |       ||     2
Evoke: Wand              |       |       |    10 |    11 ||    21
  Use: Potion            |       |     2 |     5 |     1 ||     8
       Scroll            |       |       |    13 |       ||    13
 Stab: Sleeping          |     3 |     5 |     7 |       ||    15
       Distracted        |       |       |     2 |       ||     2
Armor: Leather armour    |    20 |     1 |       |    16 ||    37
       Robe              |       |    63 |   170 |    45 ||   278
       Skin              |       |     7 |       |       ||     7
Dodge: Dodged            |    50 |   105 |   313 |    95 ||   563

Table legend: (Time is in decaauts)
 A = Elapsed time spent in this place.
 B = Non-inter-level travel time spent in this place.
 C = Inter-level travel time spent in this place.
 D = Time resting spent in this place.
 E = Time spent auto-exploring this place.
 F = Levels seen in this place.
 G = Mean time per level.
                   A        B        C        D        E       F      G
               +--------+--------+--------+--------+--------+-----+--------+
         Total |  10222 |   9748 |    474 |   2227 |   4316 |  13 |  786.3 |
       Dungeon |   8922 |   8448 |    474 |   1642 |   4279 |   9 |  991.3 |
        Temple |      1 |      1 |      0 |      0 |      0 |   1 |    1.0 |
         Sewer |    296 |    296 |      0 |    131 |     13 |   1 |  296.0 |
       Ossuary |    409 |    409 |      0 |     97 |     22 |   1 |  409.0 |
        Bailey |    592 |    592 |      0 |    357 |      2 |   1 |  592.0 |
               +--------+--------+--------+--------+--------+-----+--------+

Top non-repeatable levels by time:
     D:5: 1672 daAuts
     D:6: 1263 daAuts
     D:8: 1180 daAuts
     D:4: 1063 daAuts
     D:2: 1048 daAuts
     D:3: 1001 daAuts
     D:1: 943 daAuts
  Bailey: 592 daAuts
     D:7: 579 daAuts
 Ossuary: 409 daAuts
   Sewer: 296 daAuts
     D:9: 170 daAuts
  Temple: 1 daAuts
